TOP OF THE 1ST |
Cedar Rapids Kernels batting - Pitching for Hickory Crawdads : RHP Jarred Young
|
Pitching: RHP Jarred Young
|
|
Batting: SHB Matt Urbani
|
0-0: Called Strike 0-1: Swinging Strike 0-2: Ball 1-2: Foul Ball, location: 2F 1-2: Foul Ball, location: 2F 1-2: Ball 2-2: Ball 3-2: SINGLE (Groundball, 4MD, EV 104.4 MPH)
|
Batting: LHB Jon Ventura
|
0-0: Ball 1-0: Called Strike 1-1: Called Strike 1-2: Ball 2-2: Fly out, F8 (Flyball, 8RXD, EV 96.2 MPH)
|
Batting: RHB Ryan Gautney
|
0-0: Ball 1-0: Called Strike 1-1: Called Strike 1-2: Ball 2-2: DOUBLE (Flyball, 78XD, EV 96.9 MPH) Matt Urbani to third
|
Batting: LHB Marshall Daul
|
0-0: Called Strike 0-1: Foul Ball, location: 2F 0-2: Ball 1-2: Ground out 5-3 (Groundball, 56, EV 82.5 MPH) Matt Urbani scores
|
Batting: RHB Kevin Harris
|
0-0: Swinging Strike 0-1: Foul Ball, location: 2F 0-2: Strikes out swinging
|
Top of the 1st over - 1 run, 2 hits, 0 errors, 1 left on base; Cedar Rapids 1 - Hickory 0 |
BOTTOM OF THE 1ST |
Hickory Crawdads batting - Pitching for Cedar Rapids Kernels : LHP David Gordon
|
Pitching: LHP David Gordon
|
|
Batting: RHB Sean Neuroth
|
0-0: Fly out, F4 (Popup, 4M, EV 65.6 MPH)
|
Batting: RHB Matt Sanders
|
0-0: Ball 1-0: Ball 2-0: Called Strike 2-1: Foul Ball, location: 2F 2-2: Reached on error, E6 (Groundball, 56, EV 106.9 MPH)
|
Batting: LHB Justin Barker
|
0-0: Ball Matt Sanders is caught stealing 2nd base 2-6 1-0: Ball 2-0: SINGLE (Flyball, 7LS, EV 83.8 MPH)
|
Batting: RHB Dale Aubrey
|
0-0: Swinging Strike 0-1: Swinging Strike 0-2: Ball Justin Barker is caught stealing 2nd base 2-4
|
Bottom of the 1st over - 0 runs, 1 hit, 1 error, 0 left on base; Cedar Rapids 1 - Hickory 0 |
TOP OF THE 2ND |
Cedar Rapids Kernels batting - Pitching for Hickory Crawdads : RHP Jarred Young
|
Batting: RHB John Dew
|
0-0: Called Strike 0-1: Called Strike 0-2: Strikes out looking
|
Batting: SHB Manny Molina
|
0-0: Ball 1-0: Called Strike 1-1: Ball 2-1: Ground out 5-3 (Groundball, 56S, EV 86.9 MPH)
|
Batting: RHB Tony Crespo
|
0-0: Ball 1-0: Ball 2-0: Ball 3-0: Base on Balls
|
Batting: RHB Aaron Elliott
|
0-0: Called Strike 0-1: Ball 1-1: Ball 2-1: Foul Ball, location: 2F 2-2: Foul Ball, location: 2F 2-2: Foul Ball, location: 2F 2-2: Strikes out looking
|
Top of the 2nd over - 0 runs, 0 hits, 0 errors, 1 left on base; Cedar Rapids 1 - Hickory 0 |
BOTTOM OF THE 2ND |
Hickory Crawdads batting - Pitching for Cedar Rapids Kernels : LHP David Gordon
|
Batting: RHB Dale Aubrey
|
0-0: Swinging Strike 0-1: Ground out 5-3 (Groundball, 56S, EV 87.5 MPH)
|
Batting: RHB Jorge Benites
|
0-0: Called Strike 0-1: Swinging Strike 0-2: Strikes out swinging
|
Batting: RHB Nate Taylor
|
0-0: Ball 1-0: Ball 2-0: Swinging Strike 2-1: Swinging Strike 2-2: Strikes out looking
|
Bottom of the 2nd over - 0 runs, 0 hits, 0 errors, 0 left on base; Cedar Rapids 1 - Hickory 0 |
TOP OF THE 3RD |
Cedar Rapids Kernels batting - Pitching for Hickory Crawdads : RHP Jarred Young
|
Batting: SHB Matt Urbani
|
0-0: Ball 1-0: Ball 2-0: Swinging Strike 2-1: Ball 3-1: Foul Ball, location: 2F 3-2: Fly out, F8 (Flyball, 8LS, EV 89.4 MPH)
|
Batting: LHB Jon Ventura
|
0-0: Called Strike 0-1: Ball 1-1: Foul Ball, location: 2F 1-2: Ball 2-2: Ball 3-2: Strikes out swinging, 2-3 out at first.
|
Batting: RHB Ryan Gautney
|
0-0: Called Strike 0-1: Ball 1-1: Foul Ball, location: 2F 1-2: Ground out 5-3 (Groundball, 5, EV 85.6 MPH)
|
Top of the 3rd over - 0 runs, 0 hits, 0 errors, 0 left on base; Cedar Rapids 1 - Hickory 0 |
BOTTOM OF THE 3RD |
Hickory Crawdads batting - Pitching for Cedar Rapids Kernels : LHP David Gordon
|
Batting: RHB Victor Moya
|
0-0: Swinging Strike 0-1: Ball 1-1: Swinging Strike 1-2: Ball 2-2: Strikes out looking
|
Batting: LHB Alfonso Collazo
|
0-0: Ball 1-0: Ball 2-0: Called Strike 2-1: Ground out 4-3 (Groundball, 34D, EV 103.8 MPH)
|
Batting: RHB Gavin Fimple
|
0-0: Called Strike 0-1: Ball 1-1: Ball 2-1: Ball 3-1: Ground out 6-3 (Groundball, 6, EV 111.2 MPH)
|
Bottom of the 3rd over - 0 runs, 0 hits, 0 errors, 0 left on base; Cedar Rapids 1 - Hickory 0 |
TOP OF THE 4TH |
Cedar Rapids Kernels batting - Pitching for Hickory Crawdads : RHP Jarred Young
|
Batting: LHB Marshall Daul
|
0-0: Foul Ball, location: 2F 0-1: Called Strike 0-2: Ball 1-2: Strikes out swinging
|
Batting: RHB Kevin Harris
|
0-0: Called Strike 0-1: Foul Ball, location: 2F 0-2: SINGLE (Groundball, 13S, EV 73.8 MPH) (infield hit)
|
Batting: RHB John Dew
|
0-0: Swinging Strike 0-1: Ball 1-1: Ball 2-1: Ball 3-1: SINGLE (Groundball, 15S, EV 70.6 MPH) (infield hit) Kevin Harris to second
|
Batting: SHB Manny Molina
|
0-0: Foul Ball, location: 2F 0-1: Grounds into double play, 6-4-3 (Groundball, 6, EV 87.5 MPH)
|
Top of the 4th over - 0 runs, 2 hits, 0 errors, 1 left on base; Cedar Rapids 1 - Hickory 0 |
BOTTOM OF THE 4TH |
Hickory Crawdads batting - Pitching for Cedar Rapids Kernels : LHP David Gordon
|
Batting: RHB Sean Neuroth
|
0-0: Fly out, F8 (Flyball, 89D, EV 101.9 MPH)
|
Batting: RHB Matt Sanders
|
0-0: Ball 1-0: Ball 2-0: Called Strike 2-1: Ground out 4-3 (Groundball, 4, EV 85.0 MPH)
|
Batting: LHB Justin Barker
|
0-0: Ball 1-0: Ball 2-0: Foul Ball, location: 2F 2-1: Foul Ball, location: 2F 2-2: Fly out, F7 (Line Drive, 7LM, EV 91.9 MPH)
|
Bottom of the 4th over - 0 runs, 0 hits, 0 errors, 0 left on base; Cedar Rapids 1 - Hickory 0 |
TOP OF THE 5TH |
Cedar Rapids Kernels batting - Pitching for Hickory Crawdads : RHP Jarred Young
|
Batting: RHB Tony Crespo
|
0-0: Ball 1-0: Swinging Strike 1-1: Foul Ball, location: 2F 1-2: Strikes out swinging
|
Batting: RHB Aaron Elliott
|
0-0: Ball 1-0: Foul Ball, location: 2F 1-1: DOUBLE (Line Drive, 3D, EV 99.4 MPH)
|
Batting: SHB Matt Urbani
|
0-0: Ball 1-0: Foul Ball, location: 2F 1-1: Called Strike 1-2: Ball 2-2: Ball 3-2: SINGLE (Groundball, 4D, EV 96.2 MPH) Aaron Elliott to third Runner from 3rd tries for Home, throw by CF and OUT! 8-2 Matt Urbani to second
|
Batting: LHB Jon Ventura
|
0-0: Ball 1-0: Ball 2-0: Swinging Strike 2-1: Fly out, F8 (Flyball, 8LS, EV 95.0 MPH)
|
Top of the 5th over - 0 runs, 2 hits, 0 errors, 1 left on base; Cedar Rapids 1 - Hickory 0 |
BOTTOM OF THE 5TH |
Hickory Crawdads batting - Pitching for Cedar Rapids Kernels : LHP David Gordon
|
Batting: RHB Dale Aubrey
|
0-0: Foul Ball, location: 2F 0-1: Ball 1-1: Foul Ball, location: 2F 1-2: Ground out 5-3 (Groundball, 5S, EV 79.4 MPH)
|
Batting: RHB Jorge Benites
|
0-0: Swinging Strike 0-1: Fly out, F8 (Flyball, 78D, EV 86.9 MPH)
|
Batting: RHB Nate Taylor
|
0-0: Ball 1-0: Foul Ball, location: 2F 1-1: Foul Ball, location: 2F 1-2: Strikes out looking
|
Bottom of the 5th over - 0 runs, 0 hits, 0 errors, 0 left on base; Cedar Rapids 1 - Hickory 0 |
TOP OF THE 6TH |
Cedar Rapids Kernels batting - Pitching for Hickory Crawdads : RHP Jarred Young
|
Batting: RHB Ryan Gautney
|
0-0: Called Strike 0-1: SINGLE (Groundball, 4MD, EV 101.9 MPH)
|
Batting: LHB Marshall Daul
|
0-0: Ball 1-0: Ball 2-0: Ball 3-0: Called Strike 3-1: Foul Ball, location: 2F 3-2: Base on Balls Ryan Gautney to second
|
Batting: RHB Kevin Harris
|
0-0: Called Strike 0-1: Swinging Strike 0-2: Foul Ball, location: 2F 0-2: Ball 1-2: Strikes out swinging
|
Batting: RHB John Dew
|
0-0: Swinging Strike 0-1: Ball 1-1: Fielders Choice at 3rd, U5 (Groundball, 5L, EV 86.2 MPH) Marshall Daul to second
|
Batting: SHB Manny Molina
|
0-0: Ball 1-0: Ball 2-0: Called Strike 2-1: Ball 3-1: Swinging Strike 3-2: Base on Balls Marshall Daul to third John Dew to second
|
Pitching: RHP Taylor Drews
|
|
Batting: RHB Tony Crespo
|
0-0: Ground out 5-3 (Groundball, 56S, EV 76.9 MPH)
|
Top of the 6th over - 0 runs, 1 hit, 0 errors, 3 left on base; Cedar Rapids 1 - Hickory 0 |
BOTTOM OF THE 6TH |
Hickory Crawdads batting - Pitching for Cedar Rapids Kernels : LHP David Gordon
|
Batting: RHB Victor Moya
|
0-0: Called Strike 0-1: Foul Ball, location: 2F 0-2: Ball 1-2: Foul Ball, location: 2F 1-2: Ball 2-2: Fly out, F7 (Flyball, 7, EV 83.1 MPH)
|
Batting: LHB Alfonso Collazo
|
0-0: Ball 1-0: Ball 2-0: Ball 3-0: Called Strike 3-1: Swinging Strike 3-2: Ground out U3 (Groundball, 34, EV 90.0 MPH)
|
Batting: RHB Gavin Fimple
|
0-0: Ball 1-0: Called Strike 1-1: Foul Ball, location: 2F 1-2: Strikes out swinging
|
Bottom of the 6th over - 0 runs, 0 hits, 0 errors, 0 left on base; Cedar Rapids 1 - Hickory 0 |
TOP OF THE 7TH |
Cedar Rapids Kernels batting - Pitching for Hickory Crawdads : RHP Taylor Drews
|
Batting: RHB Aaron Elliott
|
0-0: Ground out 5-3 (Groundball, 56, EV 85.0 MPH)
|
Batting: SHB Matt Urbani
|
0-0: Ball 1-0: Foul Ball, location: 2F 1-1: Ground out 4-3 (Groundball, 4, EV 80.0 MPH)
|
Batting: LHB Jon Ventura
|
0-0: Ball 1-0: Ball 2-0: Ball 3-0: Called Strike 3-1: Ground out 4-3 (Groundball, 4, EV 103.1 MPH)
|
Top of the 7th over - 0 runs, 0 hits, 0 errors, 0 left on base; Cedar Rapids 1 - Hickory 0 |
BOTTOM OF THE 7TH |
Hickory Crawdads batting - Pitching for Cedar Rapids Kernels : LHP David Gordon
|
Batting: RHB Sean Neuroth
|
0-0: Ball 1-0: Foul Ball, location: 2F 1-1: Called Strike 1-2: Ball 2-2: Foul Ball, location: 2F 2-2: Foul Ball, location: 2F 2-2: Strikes out looking
|
Batting: RHB Matt Sanders
|
0-0: Called Strike 0-1: Foul Ball, location: 2F 0-2: Ball 1-2: Strikes out swinging
|
Pinch Hitting: RHB Aaron Ware
|
0-0: Called Strike 0-1: Ball 1-1: Ball 2-1: Called Strike 2-2: Fly out, F3 (Popup, 3SF, EV 63.8 MPH)
|
Bottom of the 7th over - 0 runs, 0 hits, 0 errors, 0 left on base; Cedar Rapids 1 - Hickory 0 |
TOP OF THE 8TH |
Cedar Rapids Kernels batting - Pitching for Hickory Crawdads : RHP Taylor Drews
|
Now at 1B: Aaron Ware
|
|
Now at 3B: Victor Moya
|
|
Batting: RHB Ryan Gautney
|
0-0: Ball 1-0: Ball 2-0: Foul Ball, location: 2F 2-1: Swinging Strike 2-2: Ball 3-2: Strikes out swinging
|
Pitching: LHP Valery Sahanov
|
|
Batting: LHB Marshall Daul
|
0-0: Ball 1-0: Called Strike 1-1: Ball 2-1: Ball 3-1: Foul Ball, location: 2F 3-2: Ground out 4-3 (Groundball, 34, EV 103.1 MPH)
|
Batting: RHB Kevin Harris
|
0-0: SINGLE (Line Drive, 7S, EV 98.1 MPH)
|
Batting: RHB John Dew
|
0-0: Ball 1-0: Called Strike Kevin Harris is caught stealing 2nd base 2-4
|
Top of the 8th over - 0 runs, 1 hit, 0 errors, 0 left on base; Cedar Rapids 1 - Hickory 0 |
BOTTOM OF THE 8TH |
Hickory Crawdads batting - Pitching for Cedar Rapids Kernels : LHP David Gordon
|
Pitching: LHP Bobby Molina
|
|
Batting: RHB Dale Aubrey
|
0-0: Ball 1-0: Swinging Strike 1-1: Foul Ball, location: 2F 1-2: Ground out 6-3 (Groundball, 6, EV 88.1 MPH)
|
Batting: RHB Jorge Benites
|
0-0: Ball 1-0: Called Strike 1-1: Fly out, F8 (Flyball, 8RXD, EV 102.5 MPH)
|
Batting: RHB Nate Taylor
|
0-0: Ball 1-0: Called Strike 1-1: Ball 2-1: Called Strike 2-2: Strikes out swinging
|
Bottom of the 8th over - 0 runs, 0 hits, 0 errors, 0 left on base; Cedar Rapids 1 - Hickory 0 |
TOP OF THE 9TH |
Cedar Rapids Kernels batting - Pitching for Hickory Crawdads : LHP Valery Sahanov
|
Pitching: RHP Johnny Munoz
|
|
Pinch Hitting: LHB David Campbell
|
0-0: Called Strike 0-1: Swinging Strike 0-2: Ball 1-2: Ball 2-2: Fly out, F4 (Popup, 4M, EV 63.1 MPH)
|
Batting: SHB Manny Molina
|
0-0: Called Strike 0-1: Ball 1-1: Fly out, F8 (Flyball, 8LM, EV 96.9 MPH)
|
Batting: RHB Tony Crespo
|
0-0: Ball 1-0: Called Strike 1-1: Swinging Strike 1-2: Fly out, F9 (Flyball, 9LM, EV 79.4 MPH)
|
Top of the 9th over - 0 runs, 0 hits, 0 errors, 0 left on base; Cedar Rapids 1 - Hickory 0 |
BOTTOM OF THE 9TH |
Hickory Crawdads batting - Pitching for Cedar Rapids Kernels : LHP Bobby Molina
|
Pitching: RHP Matt Lundy
|
|
Now at 1B: David Campbell
|
|
Now at SS: Nick Phipps
|
|
Now in LF: Ton van Dijk
|
|
Batting: RHB Victor Moya
|
0-0: Called Strike 0-1: Swinging Strike 0-2: Foul Ball, location: 2F 0-2: Strikes out looking
|
Batting: LHB Alfonso Collazo
|
0-0: Called Strike 0-1: Swinging Strike 0-2: Strikes out swinging
|
Pinch Hitting: LHB Tim Olsen
|
0-0: Foul Ball, location: 2F 0-1: Ground out 4-3 (Groundball, 34, EV 87.5 MPH)
|
Bottom of the 9th over - 0 runs, 0 hits, 0 errors, 0 left on base; Cedar Rapids 1 - Hickory 0 |
|